 Dungeon Crawl Stone Soup version 0.13.0-29-gdb529de (webtiles) character file.

1947 Oddity the Basher (level 8, 0/52 HPs)
             Began as a Demonspawn Chaos Knight on Nov 15, 2013.
             Was a Plaything of Xom.
             Succumbed to a killer bee's poison
             ... on Level 7 of the Dungeon.
             The game lasted 00:27:05 (6292 turns).

Oddity the Basher (Demonspawn Chaos Knight)         Turns: 6292, Time: 00:27:06

HP   0/52        AC 14     Str 15      XL: 8   Next: 72%
MP   8/8         EV 10     Int 18      God: Xom
Gold 251         SH  0     Dex 13      Spells:  0 memorised,  7 levels left

Res.Fire  : . . .   See Invis. : .   u - +2,+3 flail (distort)
Res.Cold  : . . .   Warding    : .   b - +2 leather armour
Life Prot.: + . .   Conserve   : .   (no shield)
Res.Poison: .       Res.Corr.  : .   (helmet restricted)
Res.Elec. : +       Clarity    : .   s - +4 cloak "Goclucs" {+Blink rElec rN+}
Sust.Abil.: . .     Spirit.Shd : .   (no gloves)
Res.Mut.  : .       Stasis     : .   (no boots)
Res.Rott. : .       Flight     : .   (no amulet)
Saprovore : . . .                    (no ring)
                                     B - ring of wizardry

@: brilliant, mildly poisoned, drained, slightly resistant to hostile
enchantments, very unstealthy
A: horns 2, deformed body, -10% hp, spiny 1, AC +6
a: Renounce Religion, Evoke Blink


You were on level 7 of the Dungeon.
You worshipped Xom.
You were a very special plaything of Xom.
You were not hungry.

You visited 1 branch of the dungeon, and saw 7 of its levels.

You collected 345 gold pieces.
You spent 114 gold pieces at shops.

Inventory:

Hand weapons
 a - a +1,+0 mace of chaos
 e - a +2,+2 sling of frost
 u - a +2,+3 flail of distortion (weapon)
Missiles
 i - 2 javelins
 q - 11 darts of dispersal (quivered)
Armour
 b - a +2 leather armour (worn)
 d - a cursed +0 shield
 g - a +1 scale mail
 s - the +4 cloak "Goclucs" (worn) {+Blink rElec rN+}
   (You bought it in a shop on level 4 of the Dungeon)

   It insulates you from electricity.
   It protects you from negative energy.
   It lets you blink.
Magical devices
 C - a wand of slowing (24)
Comestibles
 c - 6 bread rations
 j - a choko
 l - an apricot
 t - 2 apples
 A - a meat ration
Scrolls
 f - a scroll of recharging
 h - 3 scrolls of teleportation
 k - 2 scrolls of random uselessness
 n - a scroll of remove curse
 o - a scroll of amnesia
 r - a scroll of enchant armour
Jewellery
 B - a ring of wizardry (left hand)
Potions
 m - a potion of flight
 w - a potion of restore abilities {unknown}
 z - 2 potions of brilliance


   Skills:
 - Level 3.0(2.4) Fighting
 + Level 10.5(9.8) Maces & Flails
 - Level 1.7(1.1) Armour
 - Level 0.8(0.2) Dodging


You had 7 spell levels left.
You didn't know any spells.

Dungeon Overview and Level Annotations

Branches:
Dungeon (7/27)             Temple (0/1) D:4
    Orc: D:6-11

Altars:
Sif Muna
Trog
Xom

Shops:
D:4 [*(+

Annotations:
D:2 Sigmund
Abyss:1 Edmund


Innate Abilities, Weirdness & Mutations

You have a pair of horns on your head.
You are mostly covered in iridescent scales (AC +6).
You are partially covered in sharp spines.
Armour fits poorly on your strangely shaped body.
You are frail (-10% HP).


Message History

The killer bee completely misses you.
Unknown command.
Drink which item? (? for menu, Esc to quit)
Okay, then.
Unknown command.
Drink which item? (? for menu, Esc to quit)
You feel more clever all of a sudden.
It was a potion of brilliance.
Xom thinks this is hilarious!
* * * LOW HITPOINT WARNING * * *
You feel sick.
The killer bee stings you but does no damage.
The killer bee stings you!
* * * LOW HITPOINT WARNING * * *
Xom thinks this is hilarious!
Unknown command.
Ouch! You feel less confused.
You die...
Xom chortles!

#........#
#.##.###
#........####.##.#
#..........##.##.#
##.......#.##.##.#
##......#.##.##.#
#......#.##(##.#
##.....#.##.##.#
#######.##.##.#
#.##.##@# #.##.
#k# #.##. #k#
#.##. #k# .##.##.
#k# .......##k##
#........#
#........#
#........#


You could see 5 killer bees.

Vanquished Creatures
  2 phantoms
  An ice beast (D:6)
  2 ogres (D:6)
  A centaur (D:6)
  3 giant frogs
  A manticore skeleton (D:6)
  A killer bee (D:7)
  2 jellies
  3 crimson imps
  A giant frog skeleton (D:5)
  3 worker ants
  An orc wizard (D:6)
  2 scorpions
  Ijyb (D:6)
  Jessica (D:2)
  2 iguanas
  10 adders
  A lemure (D:5)
  An inept item mimic (D:3)
  A worm (D:5)
  A giant mite (D:6)
  An ufetubus (D:5)
  An ooze (D:5)
  11 orcs
  17 bats
  12 goblins
  6 hobgoblins
  9 jackals
  20 kobolds
  4 quokkas
  2 ball pythons
  8 giant cockroaches
  11 giant newts
  A gnoll skeleton (D:4)
  A kobold zombie (D:6)
  9 rats
154 creatures vanquished.

Vanquished Creatures (collateral kills)
  Grinder (D:5)
1 creature vanquished.

Vanquished Creatures (others)
  A killer bee (D:7)
  2 crimson imps
  A worker ant (D:6)
  A hobgoblin (D:6)
  2 fungi (D:6)
7 creatures vanquished.

Grand Total: 162 creatures vanquished

Notes
Turn   | Place    | Note
--------------------------------------------------------------
     0 | D:1      | Oddity, the Demonspawn Chaos Knight, began the quest for the Orb.
     0 | D:1      | Reached XP level 1. HP: 16/16 MP: 1/1
    85 | D:1      | Gained mutation: You are partially covered in sharp spines. [demonic ancestry]
    85 | D:1      | Reached XP level 2. HP: 22/22 MP: 2/2
    96 | D:1      | Paralysed by a potion of paralysis for 3 turns
   222 | D:1      | XOM: cast spell 'Spider Form'
   638 | D:2      | Reached XP level 3. HP: 28/28 MP: 3/3
   656 | D:2      | XOM: divination: detect creatures
   725 | D:2      | Noticed Jessica
   746 | D:2      | Killed Jessica
   746 | D:2      | Reached skill level 4 in Maces & Flails
   895 | D:2      | XOM: enchant monster (bad)
  1006 | D:2      | Reached XP level 4. HP: 26/34 MP: 4/4
  1311 | D:2      | Noticed Sigmund
  1858 | D:3      | Reached skill level 5 in Maces & Flails
  1870 | D:3      | XOM: divination: detect creatures
  1975 | D:3      | XOM: harmless Chrm miscast
  2009 | D:3      | XOM: harmless Fire miscast
  2112 | D:3      | XOM: scenery: create altars
  2501 | D:3      | Gained mutation: You are partially covered in iridescent scales (AC +4). [demonic ancestry]
  2501 | D:3      | Reached XP level 5. HP: 33/39 MP: 5/5
  2579 | D:4      | XOM: divination: magic mapping
  2722 | D:4      | Found Liumigiq's Book Shop.
  2725 | D:4      | XOM: potion effect (berserk)
  2742 | D:4      | Reached skill level 6 in Maces & Flails
  2874 | D:4      | Gained mutation: You have a pair of small horns on your head. [demonic ancestry]
  2874 | D:4      | Reached XP level 6. HP: 41/46 MP: 6/6
  2889 | D:4      | Found Qerem's Antique Armour Shoppe.
  2922 | D:4      | Bought an ichor-stained cloak for 114 gold pieces
  2925 | D:4      | Identified the cursed +4 cloak "Goclucs" {+Blink rElec rN+} (You bought it in a shop on level 4 of the Dungeon)
  3014 | D:4      | Found Pse Xallanam's General Store.
  3014 | D:4      | XOM: 4-stop teleportation journey
  3087 | D:4      | Found Jadakk's Antique Weapon Boutique.
  3416 | D:4      | XOM: god gift: 11 darts of dispersal
  3525 | D:4      | Found a staircase to the Ecumenical Temple.
  3575 | D:5      | Entered Level 5 of the Dungeon
  3598 | D:5      | Noticed Grinder
  3600 | D:5      | XOM: enchant monster (bad)
  3603 | D:5      | XOM: summons 3 friendly demons
  3606 | D:5      | Killed Grinder
  3637 | D:5      | XOM: medium Ice miscast
  4078 | D:5      | Reached skill level 7 in Maces & Flails
  4195 | D:5      | XOM: medium Tloc miscast
  4196 | D:5      | Noticed a spatial vortex
  4196 | D:5      | Noticed a spatial vortex
  4224 | D:6      | XOM: stat loss: -1 Int (12/13)
  4226 | D:6      | Gained mutation: You are mostly covered in iridescent scales (AC +6). [demonic ancestry]
  4226 | D:6      | Reached XP level 7. HP: 29/51 MP: 7/7
  4301 | D:6      | XOM: mild Hex miscast
  4455 | D:5      | Reached skill level 8 in Maces & Flails
  4542 | D:5      | XOM: summons 3 hostile demons
  4656 | D:6      | Noticed Ijyb
  4664 | D:6      | Killed Ijyb
  4772 | D:6      | XOM: 1-stop teleportation journey
  4803 | D:6      | Noticed Edmund
  4808 | D:6      | Banished Edmund
  4814 | D:6      | XOM: confusion (+ monsters)
  4818 | D:6      | XOM: noise
  4884 | D:6      | Reached skill level 9 in Maces & Flails
  4884 | D:6      | Gained mutation: You have a pair of horns on your head. [demonic ancestry]
  4884 | D:6      | Reached XP level 8. HP: 28/58 MP: 8/8
  4889 | D:6      | XOM: give mutations
  4889 | D:6      | Gained mutation: Armour fits poorly on your strangely shaped body. [Xom's mischief]
  4889 | D:6      | Gained mutation: You are frail (-10% HP). [Xom's mischief]
  5212 | D:6      | Found a deep blue altar of Sif Muna.
  5355 | D:6      | Found a bloodstained altar of Trog.
  5358 | D:6      | Found a deep blue altar of Sif Muna.
  5360 | D:6      | XOM: severe Trmt miscast
  5579 | D:6      | XOM: mild Chrm miscast
  5998 | D:6      | Reached skill level 10 in Maces & Flails
  6014 | D:6      | XOM: harmless Ice miscast
  6018 | D:6      | XOM: confusion (+ monsters)
  6092 | D:6      | XOM: god gift: scroll of recharging
  6185 | D:7      | XOM: polymorph killer bee -> adder
  6259 | D:7      | XOM: confusion (+ monsters)
  6261 | D:7      | XOM: repel stairs
  6272 | D:7      | XOM: medium Necr miscast
  6291 | D:7      | HP: 1/52 [killer bee (8)]
  6292 | D:7      | Succumbed to a killer bee's poison

Action                   |  1- 3 |  4- 6 |  7- 9 || total
-------------------------+-------+-------+-------++-------
Melee: Mace              |    96 |   226 |    22 ||   344
       Flail             |       |       |   150 ||   150
Evoke: Wand              |       |       |     2 ||     2
  Use: Potion            |     2 |     3 |     5 ||    10
       Scroll            |       |     6 |    10 ||    16
 Stab: Confused          |     1 |       |     1 ||     2
       Paralysed         |     2 |     7 |     2 ||    11
